 Dungeon Crawl Stone Soup version 0.29-a0-1047-g7c58e119a4 (webtiles) character file.

Game seed: 1149505336602213708

29519 greasedhog the Envoy of Void (level 13, -1/82 HPs)
             Began as a Gargoyle Abyssal Knight on Aug 17, 2022.
             Was a High Priest of Lugonu.
             Slain by an elephant (10 damage)
             ... on level 4 of the Lair of Beasts.
             The game lasted 00:23:44 (18631 turns).

greasedhog the Envoy of Void (GrAK)                Turns: 18631, Time: 00:23:45

Health: -1/82      AC: 30    Str: 29    XL:     13   Next: 45%
Magic:  22/22      EV:  9    Int: 11    God:    Lugonu [*****.]
Gold:   681        SH:  3    Dex: 12    Spells: 12/12 levels left

rFire   . . .      SeeInvis +   b - +0 whip (elec)
rCold   + . .      Faith    .   O - +0 buckler
rNeg    + + +      Spirit   .   B - +0 plate armour
rPois   ∞          Reflect  .   d - +0 helmet
rElec   +          Harm     .   i - +0 cloak
rCorr   .          Rampage  .   M - +2 pair of gloves {Str+3}
Will    .....                   (no boots)
Stlth   ..........              o - amulet of regeneration
HPRegen 1.03/turn               s - ring "Ciolenuo" {rN+ Str+4}
MPRegen 0.18/turn               l - ring "Zesk" {rElec rC+ rN+ Dex+2 SInv}

@: no status effects
A: sickness immunity, AC +9, negative energy resistance 1, electricity
resistance, torment resistance 1, petrification resistance
a: Renounce Religion, Depart the Abyss, Bend Space, Banish, Corrupt, Enter the
Abyss


You were on level 4 of the Lair of Beasts.
You worshipped Lugonu.
Lugonu was extremely pleased with you.
You visited 3 branches of the dungeon, and saw 16 of its levels.
You visited the Abyss 1 time.
You also visited: Volcano.

You collected 978 gold pieces.
You spent 297 gold pieces at shops.

Inventory:

Hand Weapons
 a - a +1 mace
 b - a +0 whip of electrocution (weapon)
Missiles
 y - 8 curare-tipped darts (quivered)
Armour
 d - a +0 helmet (worn)
 i - a +0 cloak (worn)
 B - a +0 plate armour (worn)
 M - a +2 pair of gloves of strength (worn)
 O - a +0 buckler (worn)
Jewellery
 l - the ring "Zesk" (right hand) {rElec rC+ rN+ Dex+2 SInv}
   (You acquired it on level 9 of the Dungeon)

   [ring of protection from cold]

   Dex:       It affects your dexterity (+2).
   rC:        It protects you from cold.
   rElec:     It insulates you from electricity.
   rN:        It protects you from negative energy.
   SInv:      It lets you see invisible.
 o - an amulet of regeneration (around neck)
 p - an amulet of reflection
 s - the ring "Ciolenuo" (left hand) {rN+ Str+4}
   (You found it on level 7 of the Dungeon)

   [ring of positive energy]

   Str:       It affects your strength (+4).
   rN:        It protects you from negative energy.
 v - a ring of ice
 F - an amulet of magic regeneration
 G - a +6 ring of dexterity
Wands
 m - a wand of mindburst (11)
 D - a wand of flame (26)
 L - a wand of paralysis (7)
Scrolls
 c - 2 scrolls of poison
 e - 6 scrolls of immolation
 h - 2 scrolls of butterflies
 n - 8 scrolls of teleportation
 q - 4 scrolls of enchant weapon
 r - a scroll of blinking
 w - 4 scrolls of fear
 C - 4 scrolls of noise {unknown}
 E - a scroll of torment {unknown}
 I - a scroll of summoning {unknown}
 K - a scroll of amnesia
 P - a scroll of magic mapping {unknown}
 R - a scroll of identify
 T - a scroll of brand weapon
 U - a scroll of vulnerability {unknown}
Potions
 f - 3 potions of attraction {unknown}
 g - 2 potions of brilliance
 j - 2 potions of cancellation
 k - 7 potions of curing {unknown}
 t - 3 potions of berserk rage {unknown}
 u - 4 potions of degeneration {unknown}
 x - 2 potions of mutation {unknown}
 z - 2 potions of resistance {unknown}
 A - 3 potions of lignification {unknown}
 H - 5 potions of flight {unknown}
 N - a potion of might
 Q - a potion of heal wounds
 S - a potion of magic
Miscellaneous
 J - a lightning rod (4/4)


   Skills:
 * Level 9.9 Fighting
 - Level 12.1 Maces & Flails
 - Level 10.5 Armour
 - Level 5.0 Dodging
 - Level 12.2 Invocations
 * Level 7.1 Evocations


You had 12 spell levels left.
You didn't know any spells.
Your spell library contained the following spells:

 Spells                   Type           Power      Damage    Failure   Level
 Apportation              Tloc           0%         N/A       98%         1
 Magic Dart               Conj           0%         1d3       98%         1
 Necrotise                Necr           0%         1d4       98%         1
 Summon Small Mammal      Summ           0%         N/A       98%         1
 Call Imp                 Summ           0%         N/A       99%         2
 Ensorcelled Hibernation  Hex/Ice        0%         N/A       99%         2
 Searing Ray              Conj           0%         2d4       99%         2
 Static Discharge         Conj/Air       0%         3-3/arc   99%         2
 Call Canine Familiar     Summ           0%         N/A       100%        3
 Gell's Gravitas          Tloc           0%         N/A       100%        3
 Inner Flame              Hex/Fire       0%         N/A       100%        3
 Lesser Beckoning         Tloc           0%         N/A       100%        3
 Mephitic Cloud           Conj/Pois/Air  0%         N/A       100%        3
 Spider Form              Tmut/Pois      0%         N/A       100%        3
 Summon Guardian Golem    Hex/Summ       0%         N/A       100%        3
 Teleport Other           Tloc           0%         N/A       100%        3
 Anguish                  Hex/Necr       0%         N/A       100%        4
 Cause Fear               Hex            0%         N/A       100%        4
 Dispel Undead            Necr           0%         3d6       100%        4
 Fulminant Prism          Conj/Hex       0%         3d6       100%        4
 Hailstorm                Conj/Ice       0%         3d3       100%        4
 Ice Form                 Ice/Tmut       0%         N/A       100%        4
 Passage of Golubria      Tloc           0%         N/A       100%        4
 Petrify                  Tmut/Erth      0%         N/A       100%        4
 Sticky Flame             Conj/Fire      0%         2d3       100%        4
 Irradiate                Conj/Tmut      0%         3d11      100%        5
 Lightning Bolt           Conj/Air       0%         1d11      100%        5
 Silence                  Hex/Air        0%         N/A       100%        5
 Simulacrum               Ice/Necr       0%         N/A       100%        6
 Discord                  Hex            0%         N/A       100%        8
 Lehudib's Crystal Spear  Conj/Erth      0%         10d2      100%        8
 Maxwell's Capacitive Co  Air            0%         ∞         100%        8
 Sublimation of Blood     Necr           Unusable   N/A       N/A         2

Dungeon Overview and Level Annotations

Branches:
Dungeon (11/15)            Temple (1/1) D:7            Lair (4/5) D:8
  Swamp (0/4) Lair:2       Spider (0/4) Lair:3          Orc (0/2) D:11
Volcano (visited)
  Slime: Lair:4-5

Altars:
Dithmenos
Gozag
Kikubaaqudgha
Okawaru
Ru
Trog
Xom

Shops:
D:2 *

Annotations:
Abyss:1 Harold, Snorg


Innate Abilities, Weirdness & Mutations

You are immune to sickness and miasma.
Your stone body is resilient. (AC +9)
You are immune to poison.
You resist negative energy. (rN+)
You are resistant to electric shocks. (rElec)
You are resistant to unholy torment.
You are immune to petrification.


Message History

The yak barely misses you.
You whack the elephant! Lightning courses through the elephant!
You kill the elephant!
Lugonu accepts your kill.
You whack the yak! Lightning courses through the yak!
The yak is severely wounded.
The yak gores you!
The yak gores you but does no damage. x2
You hit the yak but do no damage.
The yak is severely wounded.
You hit the yak but do no damage. Lightning courses through the yak!
You kill the yak!
Lugonu accepts your kill. The yak gores you but does no damage.
The yak gores you.
You barely miss the yak. The elephant closely misses you.
The elephant trunk-slaps you but does no damage.
The yak gores you but does no damage. The elephant tramples you.
You hold your ground!
The elephant trunk-slaps you. The yak barely misses you.
The yak gores you but does no damage. x2
You block the yak's attack.
You hit the yak but do no damage.
The yak is heavily wounded.
You hit the yak.
The yak is severely wounded.
The elephant tramples you but does no damage.
The elephant barely misses you.
The yak gores you but does no damage. x2
The yak gores you. The yak barely misses you.
Unknown command.
You hit the yak. Lightning courses through the yak!
The yak is almost dead.
You hit the yak but do no damage. Lightning courses through the yak!!
You kill the yak!
Lugonu accepts your kill.
The elephant barely misses you. x2; The yak gores you. x2
* * * LOW HITPOINT WARNING * * *
The elephant tramples you.
* * * LOW HITPOINT WARNING * * *
You hold your ground!
You block the elephant's attack. The yak gores you!
* * * LOW HITPOINT WARNING * * *
The yak gores you but does no damage. x2; The elephant tramples you!
You die...

#................
#P.#.....##....... #.
###Y#####...##. #
#..###....#
#...##....#
#..Y......# .
#..####...# #.....
#....#
#..##..###@Y..####.
#.........YYY........
## ........Y.........
##.##.###..P##.P..
###.## ##### #### ##


You could see 2 elephants and 3 yaks.

Vanquished Creatures
  3 hydras
  A salamander mystic (Volcano)
  2 bog bodies (Lair:2)
  3 cyclopes (D:11)
  7 elephants
  A gargoyle (D:9)
  3 cane toads
  2 kobold demonologists (D:11)
  An unseen horror (D:11)
  3 rime drakes
  3 komodo dragons
  2 polar bears (Lair:3)
  A troll (D:8)
  A hornet (D:10)
  5 blink frogs (Lair:1)
  3 shadows
  8 wyverns
  A wraith (D:11)
  15 yaks
  2 vampire mosquitoes (D:10)
  A basilisk (Lair:1)
  3 redbacks (D:5)
  Edmund (D:4)
  12 water moccasins
  2 hornet zombies (D:7)
  3 black bears
  2 sky beasts
  3 centaurs
  2 ogres (D:7)
  A wolf (D:8)
  5 phantoms
  Blork the orc (D:6)
  5 kobold brigands
  10 bullfrogs
  4 gnoll sergeants
  2 wyvern zombies (D:7)
  10 scorpions
  15 wights
  3 troll zombies (D:11)
  9 killer bees (D:5)
  5 electric eels
  6 howler monkeys
  2 bullfrog zombies (D:7)
  A gnoll bouda (D:9)
  3 centaur zombies (D:7)
  4 jellies
  4 orc priests
  8 hounds
  5 iguanas
  9 orc wizards
  A killer bee zombie (D:7)
  3 ogre zombies (D:11)
  3 howler monkey zombies (D:7)
  12 gnolls
  6 adders
  A shadow imp (D:6)
  4 white imps
  An ufetubus (D:7)
  5 dart slugs
  28 orcs
  6 endoplasms
  3 giant cockroaches
  8 goblins
  4 hobgoblins
  18 kobolds
  3 quokkas
  6 ball pythons
  5 bats
  2 frilled lizards
  3 goblin zombies (D:11)
  2 hobgoblin skeletons (D:11)
  3 hobgoblin zombies (D:11)
  4 orc skeletons (D:11)
  7 orc zombies (D:11)
  7 rats
353 creatures vanquished.

Vanquished Creatures (others)
  A hell knight (Volcano)
  6 salamanders (Volcano)
  A bush (Lair:1)
  6 fungi
  8 plants
22 creatures vanquished.

Grand Total: 375 creatures vanquished

Notes
Turn   | Place    | Note
-------+----------+-------------------------------------------
     0 | Abyss:1  | greasedhog the Gargoyle Abyssal Knight began the quest for
                  | the Orb.
     0 | Abyss:1  | Reached XP level 1. HP: 14/14 MP: 2/2
     1 | D:1      | Escaped the Abyss
   372 | D:1      | Reached XP level 2. HP: 12/19 MP: 3/3
   912 | D:1      | Reached XP level 3. HP: 24/24 MP: 4/4
   996 | D:2      | Found a faded altar of an unknown god.
  1061 | D:2      | Reached *** piety under Lugonu
  1243 | D:2      | Found Focear's Assorted Antiques.
  1272 | D:2      | Bought a scroll of identify for 44 gold pieces
  1474 | D:2      | Reached XP level 4. HP: 24/30 MP: 5/5
  2513 | D:4      | Noticed a phantom
  2528 | D:4      | Killed a phantom
  2529 | D:4      | Reached skill level 5 in Fighting
  2529 | D:4      | Reached XP level 5. HP: 28/35 MP: 6/6
  2930 | D:4      | Found a sacrificial altar of Ru.
  2993 | D:4      | Reached XP level 6. HP: 40/40 MP: 7/7
  2993 | D:4      | Noticed Edmund
  3018 | D:4      | Killed Edmund
  3019 | D:4      | Reached skill level 5 in Maces & Flails
  3658 | D:4      | Found a shimmering altar of Xom.
  3669 | D:4      | Reached **** piety under Lugonu
  3707 | D:4      | Reached XP level 7. HP: 44/44 MP: 9/9
  3755 | D:5      | Entered Level 5 of the Dungeon
  3978 | D:5      | Reached skill level 5 in Invocations
  4220 | D:5      | Reached XP level 8. HP: 49/49 MP: 10/12
  4615 | D:5      | Found a runed translucent door.
  4620 | D:5      | Found a runed translucent gate.
  4622 | D:5      | Found a runed translucent gate.
  4622 | D:5      | Found a runed translucent gate.
  4624 | D:5      | Found a runed translucent door.
  4895 | D:5      | You fall into a shaft and drop 1 floor!
  5152 | D:6      | Noticed Blork the orc
  5160 | D:6      | Killed Blork the orc
  5763 | D:6      | Reached XP level 9. HP: 50/54 MP: 14/14
  6796 | D:7      | Reached skill level 10 in Maces & Flails
  6796 | D:7      | Reached XP level 10. HP: 59/59 MP: 16/16
  6870 | D:7      | Reached skill level 5 in Armour
  7616 | D:7      | Found a staircase to the Ecumenical Temple.
  7624 | Temple   | Entered the Ecumenical Temple
  7631 | D:7      | Identified the ring "Ciolenuo" {rN+ Str+4}
  7955 | D:7      | Found a shadowy altar of Dithmenos.
  7955 | D:7      | Found an ancient bone altar of Kikubaaqudgha.
  8170 | D:8      | Reached ***** piety under Lugonu
  8443 | D:8      | Found a staircase to the Lair.
  9563 | D:9      | Noticed a gargoyle
  9578 | D:9      | Killed a gargoyle
  9980 | D:9      | Identified a scroll of acquirement
  9981 | D:9      | Acquired the ring "Zesk" {rElec rC+ rN+ Dex+2 SInv}
 10036 | D:9      | Identified the +9 rapier of Gozag's Esteem {venom, Dex+3}
 10067 | D:9      | Reached XP level 11. HP: 56/64 MP: 17/17
 10176 | D:9      | Noticed a wizard
 10176 | D:9      | Noticed a two-headed ogre
 10185 | D:9      | Banished a wizard
 10189 | D:9      | Banished a two-headed ogre
 10190 | D:9      | Noticed a two-headed ogre
 10192 | D:9      | Banished a two-headed ogre
 10901 | D:10     | Entered Level 10 of the Dungeon
 10913 | D:10     | Noticed a two-headed ogre
 10917 | D:10     | Noticed Harold
 10923 | D:10     | Reached skill level 10 in Invocations
 10923 | D:10     | Banished a two-headed ogre
 10924 | D:10     | Reached skill level 10 in Armour
 10924 | D:10     | Banished Harold
 11398 | D:10     | Reached skill level 1 in Dodging
 12867 | D:11     | Reached XP level 12. HP: 59/68 MP: 20/20
 13240 | D:11     | Found a staircase to the Orcish Mines.
 13426 | D:11     | Noticed a six-headed hydra
 13435 | D:11     | Killed a six-headed hydra
 13861 | Lair:1   | Entered Level 1 of the Lair of Beasts
 14074 | Lair:1   | Reached skill level 1 in Evocations
 14335 | Lair:1   | Reached skill level 5 in Dodging
 15419 | D:2      | Bought a pair of embroidered gloves for 165 gold pieces
 15419 | D:2      | Bought a scroll of poison for 88 gold pieces
 15809 | Lair:2   | Noticed a boulder beetle
 15811 | Lair:2   | Banished a boulder beetle
 15987 | Lair:2   | Noticed a six-headed hydra
 15998 | Lair:2   | Killed a six-headed hydra
 16530 | Lair:2   | Found a staircase to the Swamp.
 16558 | Lair:2   | Reached skill level 5 in Evocations
 16558 | Lair:2   | Reached XP level 13. HP: 52/78 MP: 22/22
 17578 | Lair:3   | Found a dark tunnel.
 17600 | Volcano  | Entered a volcano
 17676 | Volcano  | Found a bloodstained altar of Trog.
 17687 | Volcano  | Corrupted Volcano
 17687 | Volcano  | Noticed a starcursed mass
 17687 | Volcano  | Noticed a rakshasa
 17687 | Volcano  | Noticed a starcursed mass
 17721 | Volcano  | Noticed a deep elf elementalist
 17724 | Volcano  | Noticed a bone dragon
 17942 | Lair:3   | Identified the +1 pair of gloves of Ignis's Displeasure
                  | {Str+2}
 17952 | Lair:3   | Noticed Snorg
 17958 | Lair:3   | Banished Snorg
 18145 | Lair:3   | Found a hole to the Spider Nest.
 18631 | Lair:4   | Slain by an elephant

Illustrated notes

Levels and vault maps discovered:
D:1:      giann_horns, layout_loops_ring
D:2:      layout_rooms, serial_shops, nicolae_lakefront_shop,
          ebering_ecumenical_altar_box
D:3:      layout_basic
D:4:      kennysheep_the_goblin_king, layout_loops_ring,
          overflow_temple_1_default, kennysheep_mini_moat, uniq_edmund
D:5:      nicolae_cairo_tiling_large_dashed, layout_loops_cross,
          columned_hall_lemuel, minmay_guarded_unrand_staff_of_olgreb
D:6:      layout_loops_ring, uniq_blork_the_orc
D:7:      layout_basic, gammafunk_temple_overflow_statue,
          minmay_temple_entry_purple_smoke, serial_undead, serial_undead_d,
          serial_undead_d, serial_undead_d, serial_undead_d, water_boxes_lemuel
D:8:      layout_layer_cave, erik_lair_island
D:9:      layout_basic, minmay_bent
D:10:     layout_long_grid, uniq_harold
D:11:     layout_roguey, zombieorc1_lemuel
Temple:   compressed_dpeg_circular_temple
Lair:1:   layout_cave_pods, chequers_serial_rivers_micro_d, grunt_megastairs_1
Lair:2:   layout_regular_city, skrybe_swamp_entry_bodies,
          infiniplex_staircase_pool_2, serial_bayou_shore_b,
          serial_bayou_shore_a, lemuel_fruit_tree, grunt_megastairs_2
Lair:3:   layout_loops_ring, spider_nest_entry_web_field, enter_volcano_1,
          beast_lair_carwin_1, serial_bayou_shore_b, uniq_snorg
Lair:4:   layout_regular_city, slime_entry_2, basic_altar

Skill      XL: |  1  2  3  4  5  6  7  8  9 10 11 12 13 |
---------------+----------------------------------------+-----
Fighting       | 4 5 8 9 |  9.9
Maces & Flails | 3 4 5 6 8 10 11 12 | 12.1
Invocations    | 3 5 7 9 11 12 | 12.2
Armour         | 4 8 10 | 10.5
Dodging        | 3 5 |  5.0
Evocations     | 5 7 |  7.1

Action                   |  1- 3 |  4- 6 |  7- 9 | 10-12 | 13-15 || total
-------------------------+-------+-------+-------+-------+-------++-------
Melee: Mace              |    81 |       |       |       |       ||    81
       Whip              |     8 |   167 |   373 |  1245 |   284 ||  2077
       Punch             |       |     1 |     7 |    24 |       ||    32
Invok: Banish            |       |       |       |     9 |     2 ||    11
       Corrupt           |       |       |       |       |     1 ||     1
Evoke: Wand              |       |       |       |     3 |       ||     3
  Use: Scroll            |     5 |       |     2 |     7 |     1 ||    15
       Potion            |       |       |     5 |     2 |       ||     7
Armor: Leather armour    |    37 |       |       |       |       ||    37
       Ring mail         |     8 |    66 |       |       |       ||    74
       Scale mail        |       |    21 |    24 |       |       ||    45
       Chain mail        |       |       |    91 |       |       ||    91
       Plate armour      |       |       |    68 |   553 |   245 ||   866
Dodge: Dodged            |    50 |    71 |    79 |   305 |   126 ||   631
Block: Other             |     7 |    35 |    55 |   177 |       ||   274
       Reflection        |       |     1 |     2 |     4 |       ||     7
       Buckler           |       |       |       |     7 |    65 ||    72

Table legend: (Time is in decaauts)
 A = Elapsed time spent in this place.
 B = Non-inter-level travel time spent in this place.
 C = Inter-level travel time spent in this place.
 D = Time resting spent in this place.
 E = Time spent auto-exploring this place.
 F = Levels seen in this place.
 G = Mean time per level.
                   A        B        C        D        E       F      G
               +--------+--------+--------+--------+--------+-----+--------+
         Total |  17847 |  16847 |   1000 |   1600 |  12610 |  18 |  991.5 |
       Dungeon |  13612 |  12771 |    841 |    946 |   9863 |  11 | 1237.5 |
        Temple |      1 |      1 |      0 |      0 |      0 |   1 |    1.0 |
          Lair |   4082 |   3924 |    158 |    639 |   2732 |   4 | 1020.5 |
         Abyss |      1 |      1 |      0 |      0 |      0 |   1 |    1.0 |
       Volcano |    150 |    150 |      0 |     15 |     15 |   1 |  150.0 |
               +--------+--------+--------+--------+--------+-----+--------+

Top non-repeatable levels by time:
     D:7: 1782 daAuts
     D:5: 1684 daAuts
    D:10: 1649 daAuts
  Lair:2: 1490 daAuts
  Lair:1: 1471 daAuts
     D:9: 1292 daAuts
     D:4: 1267 daAuts
    D:11: 1098 daAuts
     D:8: 1089 daAuts
     D:6: 1066 daAuts
  Lair:3: 1036 daAuts
     D:1: 970 daAuts
     D:3: 958 daAuts
     D:2: 752 daAuts
 Volcano: 150 daAuts
